 Seeded DCSS version 0.29.1-15-g9cfb28693d (webtiles) character file.

Game seed: 16245865983455551772 (custom seed)

158 Atreus the Magician (level 5, -1/49 HPs)
             Began as an Octopode Transmuter on Mar 6, 2023.
             Slain by an orc
             ... wielding a +0 trident
              (6 damage)
             ... on level 3 of the Dungeon.
             The game lasted 00:07:08 (3332 turns).

Atreus the Magician (Octopode Transmuter)           Turns: 3332, Time: 00:07:08

Health: -1/49      AC: 22    Str: 10    XL:     5   Next: 39%
Magic:  8/11       EV:  2    Int: 35    God:
Gold:   122        SH:  0    Dex: 12    Spells: 6/12 levels left

rFire   . . .      SeeInvis .     - Unarmed
rCold   . . .      Faith    .   (no shield)
rNeg    . . .      Spirit   .   (helmet currently unavailable)
rPois   +          Reflect  .   (no amulet)
rElec   .          Harm     .   c - ring of the Fool {+Blink Int+6}
rCorr   .          Rampage  .   g - +6 ring of intelligence
Will    .....      NoTele   +   h - +6 ring of intelligence
Stlth   +.........              (no ring)
HPRegen 0.16/turn               (no ring)
MPRegen 0.12/turn               (no ring)
                                (no ring)
                                (no ring)

@: tree-form
A: stationary, stasis, torment immunity, boosted hp, almost no armour,
(amphibious), 8 rings, (camouflage 1), (gelatinous body 1), (nimble swimmer 1),
(tentacles)
a: Evoke Blink


You were on level 3 of the Dungeon.
You were a tree.
You visited 1 branch of the dungeon, and saw 3 of its levels.

You collected 122 gold pieces.

Inventory:

Armour
 d - the +0 mask of the Dragon (melded) {Will+ Slay+3 SInv}
   (You acquired it on level 1 of the Dungeon)

   Slay:      It affects your accuracy & damage with ranged weapons and melee
   (+3).
   SInv:      It lets you see invisible.
   Will:      It increases your willpower.
Jewellery
 c - the ring of the Fool (left branch) {+Blink Int+6}
   (You acquired it on level 1 of the Dungeon)

   [ring of intelligence]

   Int:       It affects your intelligence (+6).
   +Blink:    It lets you blink.
 g - a +6 ring of intelligence (right branch)
 h - a +6 ring of intelligence (on tentacle)
Scrolls
 f - 2 scrolls of teleportation {unknown}
 i - 2 scrolls of identify {unknown}
 j - a scroll of enchant weapon {unknown}
 k - a scroll of summoning {unknown}
Potions
 a - a potion of lignification
 b - a potion of might {unknown}
 e - 2 potions of flight {unknown}


   Skills:
 - Level 1.0 Fighting
 - Level 2.0 Dodging
 - Level 0.2 Stealth
 - Level 3.6 Unarmed Combat
 + Level 4.1 Spellcasting
 - Level 2.9 Transmutations


You had 6 spell levels left.
You knew the following spells:

 Your Spells              Type           Power      Damage    Failure   Level
a - Beastly Appendage     Tmut           56%        N/A       1%          1
b - Wereblood             Tmut           28%        N/A       1%          2
c - Spider Form           Tmut/Pois      17%        N/A       8%          3

Your spell library contained the following spells:

 Spells                   Type           Power      Damage    Failure   Level
 Sting                    Tmut/Pois      68%        1d6       2%          1
 Poisonous Vapours        Pois/Air       14%        N/A       7%          2
 Ice Form                 Ice/Tmut       17%        N/A       24%         4
 Blade Hands              Tmut           14%        N/A       36%         5
 Olgreb's Toxic Radiance  Pois           7%         N/A       41%         4
 Irradiate                Conj/Tmut      8%         3d14      56%         5
 Dragon Form              Tmut           14%        N/A       100%        7


Dungeon Overview and Level Annotations

Branches:
Dungeon (3/15)

Altars:

Shops:
D:3 [


Innate Abilities, Weirdness & Mutations

You are a tree.
Your roots penetrate the ground, keeping you stationary.
You cannot be teleported.
You are immune to unholy pain and torment.
Your maximum health is greatly increased.
You cannot wear most types of armour.
((You are amphibious.))
You can wear up to eight rings at the same time.
((Your skin changes colour to match your surroundings (Stealth+).))
((Your rubbery body absorbs attacks. (AC +1, EV +1)))
((You are camouflaged when in or above water. (Stealth+)))
((You have tentacles for arms and can constrict up to eight enemies at once.))


Message History

The orc priest is severely wounded.
The orc priest hits you but does no damage.
The orc hits you but does no damage.
You hit the orc priest.
The orc priest is almost dead.
The orc priest hits you with a +0 dagger.
* * * LOW HITPOINT WARNING * * *
The orc hits you but does no damage.
Unknown command.
You smack the orc priest!
You kill the orc priest!
The orc hits you but does no damage.
Your Spellcasting skill increases to level 4!
Unknown command.
The orc hits you but does no damage.
You smack the orc!
You kill the orc!
A ball python comes into view.
The orc hits you but does no damage.
Unknown command.
The ball python hisses angrily.
The orc completely misses you. The orc hits you but does no damage.
Smack: -) Branches
Press: ? - help, Dir - move target, f - orc
Aim: an orc, wielding a +0 trident (about 23% to evade your branches)
Your weapon can't reach that far!
Okay, then.
You cannot move.
The orc completely misses you. The orc hits you but does no damage.
You hit the ball python.
You kill the ball python!
The orc hits you but does no damage.
You cannot move.
The orc hits you from afar with a +0 trident.
* * * LOW HITPOINT WARNING * * *
The orc hits you but does no damage.
The orc hits you from afar with a +0 trident.
You die...

##### .... ..#
#####.##### ..#
.........# #.# #.#...#.##
#.# #..#.#...# #.# .
#...∩)♣..# #.# ...
#).#.#...# #.#
.....###.#..o#..#######.#
.o.....†...............>#
.#######.#.############.#
........#... ........†.#
######################.#
#.# #.#


You could see an orc.

Vanquished Creatures
  An orc priest (D:3)
  Jessica (D:2)
  2 orc wizards (D:3)
  An adder (D:2)
  4 orcs (D:3)
  3 ball pythons
  2 bats
  5 endoplasms
  2 goblins (D:1)
  5 hobgoblins
  3 kobolds
  3 quokkas (D:1)
  2 frilled lizards
  4 rats
38 creatures vanquished.

Notes
Turn   | Place    | Note
-------+----------+-------------------------------------------
     0 | D:1      | Atreus the Octopode Transmuter began the quest for the Orb.
     0 | D:1      | Reached XP level 1. HP: 13/13 MP: 3/3
   231 | D:1      | Identified 3 scrolls of acquirement
   231 | D:1      | Acquired the ring of the Fool {+Blink Int+6}
   233 | D:1      | Acquired the +0 mask of the Dragon {Will+ Slay+3 SInv}
   233 | D:1      | Found the +0 mask of the Dragon {Will+ Slay+3 SInv}
   235 | D:1      | Acquired a book of Transfigurations
   256 | D:1      | Reached XP level 2. HP: 8/18 MP: 3/5
   417 | D:1      | Learned a level 2 spell: Wereblood
   486 | D:1      | Found a faded altar of an unknown god.
  2065 | D:1      | Reached XP level 3. HP: 19/23 MP: 4/6
  2197 | D:2      | Learned a level 3 spell: Spider Form
  2558 | D:2      | Noticed Jessica
  2565 | D:2      | Killed Jessica
  2566 | D:2      | Reached XP level 4. HP: 22/28 MP: 0/8
  3271 | D:3      | Found Ymmy Ciutu's Antique Armour Shoppe.
  3299 | D:3      | Reached skill level 3 in Spellcasting
  3315 | D:3      | Reached XP level 5. HP: 11/33 MP: 5/10
  3323 | D:3      | Reached skill level 4 in Spellcasting
  3332 | D:3      | Slain by an orc

Illustrated notes

Levels and vault maps discovered:
D:1:      minmay_arrival_hallway, layout_loops_corners, basic_ecumenical_altar,
          minmay_unequal
D:2:      layout_loops_ring, uniq_jessica
D:3:      layout_basic, serial_shops, nicolae_shop_advertising_works
          [nicolae_subvault_shop_adworks], minmay_shallow_snake_nest,
          uniq_natasha

Skill      XL: |  1  2  3  4  5 |
---------------+----------------+-----
Spellcasting   | 3 4 |  4.1
Fighting       | |  1.0
Dodging        | |  2.0
Stealth        | |  0.2
Unarmed Combat | |  3.6
Transmutations | |  2.9

Action                   |  1- 3 |  4- 6 || total
-------------------------+-------+-------++-------
Melee: Unarmed           |    47 |    33 ||    80
       Kick              |    11 |       ||    11
       Constrict         |    10 |     1 ||    11
       Tentacles         |     7 |     1 ||     8
       Punch             |     1 |       ||     1
 Cast: Beastly Appendage |    14 |     1 ||    15
       Wereblood         |     3 |     2 ||     5
       Spider Form       |     2 |     5 ||     7
  Use: Scroll            |     3 |       ||     3
       Potion            |       |     1 ||     1
 Stab: Sleeping          |     5 |       ||     5
Armor: Skin              |     3 |    18 ||    21
Dodge: Dodged            |    47 |    23 ||    70
